 Dungeon Crawl Stone Soup version 0.28-a0-563-gf77a47075d (webtiles) character file.

Game seed: 3908190725050330124

536 lunkers the Ruffian (level 7, 0/70 HPs)
             Began as a Troll Cinder Acolyte on Sept 29, 2021.
             Was a High Priest of Ignis.
             Slain by a killer bee (8 damage)
             ... on level 4 of the Dungeon.
             The game lasted 00:06:09 (2497 turns).

lunkers the Ruffian (Troll Cinder Acolyte)          Turns: 2497, Time: 00:06:09

Health: 0/70       AC:  5    Str: 23    XL:     7   Next: 4%
Magic:  7/7        EV:  9    Int: 10    God:    Ignis [*****.]
Gold:   125        SH:  0    Dex: 13    Spells: 8/8 levels left

rFire   + . .      SeeInvis .     - Unarmed
rCold   . . .      Faith    .   (no shield)
rNeg    . . .      Spirit   .   a - +0 robe
rPois   .          Reflect  .   (helmet restricted)
rElec   .          Harm     .   m - +0 cloak
rCorr   .          Rampage  .   (gloves unavailable)
Will    .....                   (boots unavailable)
Stlth   +.........              (no amulet)
HPRegen 1.21/turn               f - +6 ring of dexterity
MPRegen 0.10/turn               (no ring)

@: lethally poisoned (0 -> 0), about to teleport
A: large, unfitting armour, claws 3, regeneration 1, shaggy fur 1, tough skin 1
a: Renounce Religion, Sea of Fire, Foxfire Swarm, Rising Flame


You were on level 4 of the Dungeon.
You worshipped Ignis.
Ignis was extremely pleased with you.
You visited 1 branch of the dungeon, and saw 4 of its levels.

You collected 125 gold pieces.

Inventory:

Missiles
 b - 155 stones
 o - 5 poisoned darts (quivered)
 p - 4 curare-tipped darts
Armour
 a - a +0 robe (worn)
 m - a +0 cloak (worn)
Jewellery
 f - a +6 ring of dexterity (left claw)
Wands
 i - a wand of iceblast (5)
 r - a wand of digging (3)
Scrolls
 d - 2 scrolls of identify
 j - a scroll of teleportation
Potions
 c - a potion of flight
 e - a potion of invisibility {unknown}
 g - a potion of brilliance {unknown}
 h - a potion of curing
 k - a potion of haste
 l - 2 potions of heal wounds {unknown}
 n - 2 potions of ambrosia
 q - a potion of lignification {unknown}


   Skills:
 + Level 4.2 Fighting
 * Level 6.8 Unarmed Combat
 - Level 1.0 Spellcasting
 - Level 2.1 Fire Magic


You had 8 spell levels left.
You didn't know any spells.
Your spell library contained the following spells:

 Spells                   Type           Power      Damage    Failure   Level
 Scorch                   Fire           8%         2d5       22%         2
 Olgreb's Toxic Radiance  Pois           0%         N/A       98%         4
 Ozocubu's Refrigeration  Ice            0%         4d5       100%        7
 Ignition                 Fire           2%         3d3       100%        8


Dungeon Overview and Level Annotations

Branches:
Dungeon (4/15)
 Temple: D:4-7

Altars:
Trog

Shops:
D:1 *


Innate Abilities, Weirdness & Mutations

You are too large for most types of armour.
You have claws for hands.
Your natural rate of healing is unusually fast.
You are covered in fur. (AC +1)
You have tough skin. (AC +1)


Message History

You feel sick.
You hear a shout!
The killer bee stings you.
* * * LOW HITPOINT WARNING * * *
You have reached level 7!
You claw the killer bee! Your claw misses the killer bee.
The killer bee is severely wounded.
You feel sick. The killer bee closely misses you.
A gnoll comes into view. It is wielding a +0 spear.
The killer bee stings you.
* * * LOW HITPOINT WARNING * * *
You barely miss the killer bee.
The killer bee is severely wounded.
You feel sick.
The gnoll shouts!
You hear a shout!
The killer bee stings you but does no damage.
The gnoll hits you from afar with a +0 spear!
* * * LOW HITPOINT WARNING * * *
The killer bee stings you!
* * * LOW HITPOINT WARNING * * *
Unknown command.
You closely miss the killer bee.
The killer bee is severely wounded.
You feel sick. The killer bee barely misses you. The gnoll closely misses you.
You completely miss the killer bee.
The killer bee is severely wounded.
You feel sick. The killer bee stings you!
* * * LOW HITPOINT WARNING * * *
The killer bee stings you.
* * * LOW HITPOINT WARNING * * *
The gnoll hits you but does no damage.
You scratch the killer bee but do no damage.
The killer bee is severely wounded.
You feel sick. The killer bee barely misses you.
The killer bee closely misses you.
The gnoll drinks a potion.
The gnoll seems to speed up.
Unknown command.
As you read the scroll of teleportation, it crumbles to dust.
You feel strangely unstable.
You feel sick. The killer bee stings you!
You die...

## #.#.# ..#### .# #.#.#
..... .# #.#.# ## ..#.#
.###.#.# ...## #+#.#.# #
.'.....# #....#.#.#.# ...
.###.### #...##.#.#.#.....
.# #.# #.....yg.........
.###.######....#y#.......#(
.#.......##....#@#.#y......
.#.......##......#.#.....#.
.#.......##..#...#.......#
####'######....#.#.#.###.#
#.# #.##.#.#.#.# .# #.#
#.##.#.#.#.# #
#.######.##.#.#
#........##.#.#
###########.#.#


You could see 2 killer bees and a gnoll (fast).

Vanquished Creatures
  Sigmund (D:3)
  A phantom (D:4)
  2 killer bees (D:4)
  A centaur zombie (D:4)
  2 orc priests (D:3)
  Terence (D:2)
  An orc wizard (D:3)
  A white imp (D:3)
  4 orcs (D:3)
  5 endoplasms
  A giant cockroach (D:2)
  10 goblins
  7 hobgoblins
  5 jackals (D:1)
  8 kobolds
  A quokka (D:1)
  3 ball pythons
  6 bats
  3 frilled lizards
  3 rats
66 creatures vanquished.

Notes
Turn   | Place    | Note
-------+----------+-------------------------------------------
     0 | D:1      | lunkers the Troll Cinder Acolyte began the quest for the
                  | Orb.
     0 | D:1      | Reached XP level 1. HP: 22/22 MP: 1/1
    26 | D:1      | Reached XP level 2. HP: 29/29 MP: 2/2
   300 | D:1      | Found Humitt's Assorted Antiques.
   498 | D:2      | Found a faded altar of an unknown god.
   527 | D:2      | Found a bloodstained altar of Trog.
   545 | D:2      | Noticed Terence
   555 | D:2      | Killed Terence
   556 | D:2      | Reached skill level 4 in Unarmed Combat
   556 | D:2      | Reached XP level 3. HP: 32/36 MP: 3/3
  1237 | D:3      | Reached XP level 4. HP: 45/45 MP: 4/4
  1289 | D:3      | Noticed Sigmund
  1312 | D:3      | Killed Sigmund
  1313 | D:3      | Reached skill level 5 in Unarmed Combat
  1313 | D:3      | Reached XP level 5. HP: 26/53 MP: 5/5
  1976 | D:3      | Reached XP level 6. HP: 50/62 MP: 6/6
  1981 | D:3      | Reached skill level 6 in Unarmed Combat
  2492 | D:4      | Reached XP level 7. HP: 38/70 MP: 7/7
  2497 | D:4      | Slain by a killer bee

Illustrated notes

Levels and vault maps discovered:
D:1:      sevenhm_arrival_forest_fort_small_4, layout_rooms, serial_shops, shop
D:2:      layout_loops_ring, basic_altar, hellmonk_ecumenical_altar_crossroads,
          uniq_terence
D:3:      layout_basic, uniq_sigmund
D:4:      layout_basic, gammafunk_temple_overflow_pools, serial_shops, shop

Skill      XL: |  1  2  3  4  5  6 |
---------------+-------------------+-----
Unarmed Combat | 4 5 6 |  6.8
Fighting       | 3 4 |  4.2
Spellcasting   | |  1.0
Fire Magic     | |  2.1

Action                   |  1- 3 |  4- 6 |  7- 9 || total
-------------------------+-------+-------+-------++-------
Melee: Unarmed           |    60 |    84 |     5 ||   149
Throw: Dart              |    46 |    14 |       ||    60
       Stone             |    15 |       |       ||    15
  Use: Potion            |       |     3 |       ||     3
       Scroll            |       |     3 |     1 ||     4
 Stab: Sleeping          |       |     1 |       ||     1
Armor: Robe              |    20 |    28 |     2 ||    50
Dodge: Dodged            |    26 |    40 |     5 ||    71

Table legend: (Time is in decaauts)
 A = Elapsed time spent in this place.
 B = Non-inter-level travel time spent in this place.
 C = Inter-level travel time spent in this place.
 D = Time resting spent in this place.
 E = Time spent auto-exploring this place.
 F = Levels seen in this place.
 G = Mean time per level.
                   A        B        C        D        E       F      G
               +--------+--------+--------+--------+--------+-----+--------+
         Total |   2484 |   2436 |     48 |     18 |   1901 |   4 |  621.0 |
       Dungeon |   2484 |   2436 |     48 |     18 |   1901 |   4 |  621.0 |
               +--------+--------+--------+--------+--------+-----+--------+

Top non-repeatable levels by time:
     D:3: 1169 daAuts
     D:2: 747 daAuts
     D:1: 408 daAuts
     D:4: 159 daAuts
